Map: Станция Кайрос РВ

Players

Murena

  • Race: Terran Terran
  • Spawn Location: 11:00

ИИ 1 (эксперт) - Winner!

  • Race: Protoss Protoss
  • Spawn Location: 5:00

VOD

Have the link to the VOD?

Description

Time

  • Played on: June 15, 2019, 1:42 p.m.
  • Length: 7:24
Show
View Real Time Build Order
Export as new Build Order

Murena Terran 

Build Orders:  

Get SALT Encoding   

  12  0:01  SCV  
  13  0:14  SCV  
  14  0:19  Supply Depot  
  14  0:26  SCV  
  15  0:30  Refinery  
  15  0:42  Barracks  
  15  0:46  SCV  
  16  0:58  SCV  
  17  1:11  SCV  
  18  1:23  SCV  
  19  1:29  Marine  
  20  1:37  Command Center  
  20  1:40  SCV  
  21  1:47  Marine  
  22  1:54  Orbital Command  
  22  2:02  Supply Depot  
  22  2:05  Marine  
  23  2:17  Factory  
  23  2:24  SCV  
  23  2:26  Barracks Tech Lab  
  24  2:37  SCV  
  24  2:40  Refinery  
  25  2:45  Marauder  
  25  2:49  SCV, Barracks  
  28  2:52  Concussive Shells  
  28  2:59  Orbital Command  
  28  3:04  Hellion  
  30  3:06  SCV  
  31  3:13  Marauder  
  33  3:20  SCV  
  33  3:24  SCV  
  35  3:27  Hellion  
  35  3:33  SCV  
  38  3:37  Supply Depot  
  38  3:39  Marauder  
  38  3:40  Barracks Reactor  
  40  3:44  SCV, Bunker  
  40  3:47  SCV  
  42  3:50  Factory Tech Lab  
  42  4:00  Factory  
  42  4:01  SCV, Combat Shield  
  43  4:04  SCV  
  43  4:09  Siege Tank  
  47  4:10  Marine  
  47  4:15  SCV  
  49  4:17  Marine  
  49  4:18  Marine  
  49  4:23  SCV  
  52  4:24  Supply Depot  
  52  4:29  Marauder  
  54  4:35  Engineering Bay  
  54  4:42  Starport  
  54  4:45  Factory Tech Lab  
  54  4:53  SCV x2, Marine x2, Supply Depot  
  54  4:55  Siege Tank  
  54  4:57  Marine  
  62  5:01  Supply Depot  
  62  5:06  Refinery  
  62  5:14  Missile Turret  
  62  5:16  Missile Turret  
  62  5:19  Starport Reactor  
  62  5:20  Marauder  
  64  5:23  Hellion  
  64  5:24  Marine  
  64  5:25  Marine  
  64  5:26  SCV x2  
  64  5:27  Hellion  
  72  5:29  Terran Infantry Armor Level 1  
  72  5:39  SCV  
  72  5:40  SCV  
  74  5:43  Supply Depot  
  74  5:49  Engineering Bay  
Show
View Real Time Build Order
Export as new Build Order

ИИ 1 (эксперт) Protoss - Winner!

Build Orders:  

Get SALT Encoding   

  12  0:00  Probe  
  13  0:13  Probe  
  14  0:20  Pylon  
  14  0:25  Probe  
  15  0:34  Probe  
  15  0:42  Probe  
  16  0:48  Assimilator  
  17  0:50  Gateway  
  17  0:52  Probe  
  18  1:00  Probe  
  18  1:01  Pylon  
  18  1:08  Probe  
  20  1:19  Probe  
  21  1:31  Probe  
  22  1:39  Zealot  
  24  1:43  Probe  
  25  1:48  Nexus  
  25  1:59  Cybernetics Core  
  25  2:10  Gateway  
  25  2:11  Zealot  
  25  2:18  Pylon  
  27  2:24  Probe  
  28  2:35  Assimilator  
  28  2:36  Probe  
  29  2:37  Warp Gate  
  29  2:44  Adept  
  31  2:48  Probe  
  32  2:56  Probe  
  32  2:57  Adept  
  34  3:00  Probe, Pylon  
  36  3:14  Adept  
  38  3:22  Probe  
  38  3:23  Probe  
  40  3:27  Sentry  
  42  3:34  Probe  
  42  3:35  Probe  
  42  3:39  Robotics Facility  
  42  3:40  Stalker  
  44  3:46  Probe  
  44  3:47  Probe  
  48  3:53  Adept  
  50  3:58  Probe  
  50  4:00  Probe, Adept  
  52  4:05  Pylon  
  52  4:11  Probe  
  52  4:12  Probe  
  56  4:23  Probe  
  56  4:24  Probe  
  58  4:29  Immortal  
  62  4:31  Stalker  
  62  4:32  Pylon  
  62  4:35  Probe  
  62  4:36  Probe  
  62  4:38  Stalker  
  68  4:47  Robotics Facility, Probe  
  68  4:48  Probe  
  70  4:54  Stalker  
  70  4:58  Immortal, Probe  
  70  4:59  Probe  
  73  5:05  Pylon  
  74  5:10  Pylon  
  78  5:21  Probe  
  78  5:23  Stalker  
  78  5:24  Probe, Assimilator  
  78  5:27  Stalker  
  84  5:29  Gateway  
  84  5:33  Pylon  
  84  5:37  Assimilator  
  84  5:46  Zealot, Probe x2  
  88  5:50  Stalker  
  88  5:54  Pylon  
  90  5:58  Probe  
  90  5:59  Probe  
  92  6:06  Sentry  
  92  6:08  Forge  
  94  6:13  Forge, Stalker  
  94  6:17  Nexus  
  96  6:26  Zealot  
  96  6:30  Pylon  
  96  6:31  Zealot  
  86  6:34  Adept  
  74  6:46  Zealot, Adept  
  62  6:54  Zealot  
  60  7:06  Zealot x2  
  60  7:14  Adept, Pylon  
  59  7:19  Pylon  
  59  7:22  Adept  
Tags
 
Add a new tag
Caveats
  • Supply blocks, unpowered buildings, or Contaminate may cause inaccurate times.
  • Supply counts are checked every 10 seconds.